 Dungeon Crawl Stone Soup version 0.14-a0-2939-ge0b1554 (webtiles) character file.

3772 Kae the Martial Artist (level 9, -1/64 HPs)
             Began as a Purple Draconian Transmuter on Mar 3, 2014.
             Was a Follower of Sif Muna.
             Slain by a killer bee (5 damage)
             ... on Level 7 of the Dungeon.
             The game lasted 00:19:40 (11686 turns).

Kae the Martial Artist (DrTm)                      Turns: 11686, Time: 00:19:40

HP  -1/64        AC  2     Str 12      XL: 9   Next: 74%
MP  12/15        EV 19     Int 15      God: Sif Muna [*.....]
Gold 390         SH  0     Dex 19      Spells:  3 memorised,  6 levels left

rFire  . . .     SeeInvis .       - Unarmed
rCold  . . .     Clarity  .     (armour unavailable)
rNeg   . . .     Conserve .     (shield currently unavailable)
rPois  x         rCorr    .     (helmet currently unavailable)
rElec  .         rRot     .     t - melded +2 cloak
SustAb + .       Spirit   .     (gloves currently unavailable)
rMut   .         Warding  .     (boots currently unavailable)
Saprov . . .     Stasis   .     (no amulet)
MR     +....                    (no ring)
                                p - ring of sustain abilities

@: spider-form, mildly poisoned, quick, somewhat resistant to hostile
enchantments, unstealthy
A: (breathe power), unfitting armour, AC +7
a: End Transformation, Channel Energy, Renounce Religion


You were on level 7 of the Dungeon.
You worshipped Sif Muna.
Sif Muna was aware of your devotion.
You were not hungry.
You were in spider-form.
You visited 2 branches of the dungeon, and saw 9 of its levels.
You also visited: Sewer.

You collected 390 gold pieces.

Inventory:

Missiles
 b - 112 arrows
 c - 2 tomahawks of returning (quivered)
Armour
 t - a +2 cloak (melded)
Magical devices
 j - a wand of cold (7) {unknown}
Comestibles
 a - 6 bread rations
 k - a meat ration
 l - 3 chunks of giant frog flesh
Scrolls
 g - 4 scrolls of remove curse
 h - 2 scrolls of identify
 m - 2 scrolls of teleportation
 s - a scroll of enchant weapon II
Jewellery
 p - a ring of sustain abilities (left front leg)
 u - an uncursed ring of teleportation
Potions
 e - a potion of restore abilities
 f - 4 potions of curing
 i - 2 potions of magic
 n - 3 potions of mutation
 r - 2 potions of might
 v - a potion of heal wounds
Books
 d - a book of Changes

   Spells                             Type                      Level
   *Beastly Appendage                 Transmutation                1
   *Sticks to Snakes                  Transmutation                2
   *Spider Form                       Transmutation/Poison         3
   Ice Form                           Ice/Transmutation            4
   Blade Hands                        Transmutation                5


   Skills:
 - Level 1.1 Fighting
 - Level 1.7 Dodging
 * Level 11.6 Unarmed Combat
 - Level 2.4 Spellcasting
 + Level 8.2 Transmutations


You had 6 spell levels left.
You knew the following spells:

 Your Spells              Type           Power        Failure   Level  Hunger
a - Beastly Appendage     Trmt           ####..       4%          1    #......
b - Sticks to Snakes      Trmt           ####......   6%          2    ##.....
c - Spider Form           Trmt/Pois      ##........   32%         3    ####...


Dungeon Overview and Level Annotations

Branches:
Dungeon (8/16)             Temple (1/1) D:6
   Lair: D:8-11

Altars:
Ashenzari
Cheibriados
Dithmenos
Elyvilon
Fedhas
Kikubaaqudgha
Makhleb
Nemelex Xobeh
Okawaru
Sif Muna
Trog
Vehumet
Xom
Yredelemnul
Zin
The Shining One

Shops:
D:8 [

Annotations:
D:3 Grinder
D:8 Joseph


Message History

The killer bee closely misses you.
The killer bee stings you but does no damage.
You climb upwards.
There is a stone staircase leading down here.
Casting: Beastly Appendage
Confirm with . or Enter, or press ? or * to list all spells.
You turn into a venomous arachnid creature.
Your +2 cloak melds into your body.
The killer bee stings you! The killer bee stings you!
* * * LOW HITPOINT WARNING * * *
The killer bee completely misses you. The killer bee stings you.
* * * LOW HITPOINT WARNING * * *
You are poisoned.
The killer bee poisons you! The killer bee barely misses you.
The killer bee barely misses you. The killer bee stings you.
* * * LOW HITPOINT WARNING * * *
The killer bee barely misses you. The killer bee completely misses you.
The killer bee stings you.
You die...

.......#.#####(....##....###%#
)######### #8.....8#..### #%#
%# #.....##..#####.# .#
#8...8##..##....# ##
##.....##..<..####
#8.....8#..##.##
#####.....##..##..#
#..##8kkk8##..##..#
#.#####s#####.##..# #.# #####
#.##..# #.# #.# #.##..# #.#
#.# #.##..# #.# #.###.##..#
#.# ##.##...#..#
##########.######..........#
...........................#
##########.######..._....#[#


You could see 3 killer bees.

Vanquished Creatures
  Prince Ribbit (Sewer)
  3 hippogriffs
  A yellow wasp (D:8)
  An ice beast (D:5)
  A phantom (D:7)
  A sky beast (D:7)
  A crocodile (D:7)
  The ghost of Egon the Ducker, an average FeTm (D:4)
  Duvessa (D:8)
  4 ogres
  2 big kobolds (D:6)
  4 giant frogs
  An eye of draining (D:8)
  A killer bee (D:8)
  5 crimson imps
  Dowan (D:8)
  5 orc priests
  A quasit (D:6)
  3 hounds
  A jelly (D:8)
  Crazy Yiuf (D:3)
  A centaur zombie (D:6)
  3 orc wizards
  3 scorpions
  3 iguanas
  7 worker ants
  A sky beast zombie (D:6)
  A crocodile skeleton (D:6)
  11 adders
  8 gnolls
  A worm zombie (D:5)
  4 giant mites
  A worm (D:2)
  An iguana skeleton (D:8)
  A giant eyeball (D:8)
  An ooze (D:2)
  19 orcs
  8 bats
  15 hobgoblins
  9 jackals
  15 kobolds
  8 quokkas
  8 ball pythons
  7 giant cockroaches
  10 giant geckos
  4 giant newts
  10 goblins
  A hobgoblin zombie (D:7)
  An orc zombie (D:8)
  13 rats
  2 rat zombies
217 creatures vanquished.

Notes
Turn   | Place    | Note
--------------------------------------------------------------
     0 | D:1      | Kae, the Draconian Transmuter, began the quest for the Orb.
     0 | D:1      | Reached XP level 1. HP: 16/16 MP: 3/3
   277 | D:1      | Reached XP level 2. HP: 17/23 MP: 4/4
   965 | D:2      | Reached XP level 3. HP: 18/28 MP: 6/6
  1125 | D:2      | Reached skill level 4 in Unarmed Combat
  2233 | D:2      | Reached XP level 4. HP: 35/35 MP: 5/7
  2561 | D:3      | Found a shattered altar of Ashenzari.
  3257 | D:3      | Noticed Grinder
  3325 | D:3      | Noticed Crazy Yiuf
  3332 | D:3      | Learned a level 3 spell: Spider Form
  3340 | D:3      | Killed Crazy Yiuf
  3340 | D:3      | Reached XP level 5. HP: 13/40 MP: 1/9
  3353 | D:3      | HP: 2/40 [poisoned by Crazy Yiuf]
  3359 | D:3      | HP: 1/40 [poisoned by Crazy Yiuf]
  3685 | D:4      | Found a sparkling altar of Nemelex Xobeh.
  3685 | D:4      | Found a white marble altar of Elyvilon.
  3766 | D:4      | Found a radiant altar of Vehumet.
  3881 | D:4      | Reached skill level 5 in Unarmed Combat
  4215 | D:4      | Learned a level 2 spell: Sticks to Snakes
  4363 | D:4      | Found a basalt altar of Yredelemnul.
  4364 | D:4      | Found an iron altar of Okawaru.
  4364 | D:4      | Found a burning altar of Makhleb.
  4375 | D:4      | Noticed Egon's ghost (average FeTm)
  4399 | D:4      | Killed Egon's ghost
  4399 | D:4      | Reached XP level 6. HP: 16/47 MP: 10/10
  4687 | D:5      | Entered Level 5 of the Dungeon
  4696 | D:5      | Reached skill level 6 in Unarmed Combat
  5749 | D:5      | Your scales start taking on a rich purple colour.
  5749 | D:5      | Reached XP level 7. HP: 34/52 MP: 12/12
  5983 | D:5      | Reached skill level 7 in Unarmed Combat
  6280 | D:6      | Reached skill level 5 in Transmutations
  6432 | D:6      | Found a shimmering altar of Xom.
  6730 | D:6      | Found a glowing drain.
  6769 | Sewer    | Entered a sewer
  6786 | Sewer    | Reached skill level 8 in Unarmed Combat
  6946 | Sewer    | Reached XP level 8. HP: 26/59 MP: 14/14
  7146 | Sewer    | Noticed Prince Ribbit
  7162 | Sewer    | Killed Prince Ribbit
  7607 | D:6      | Reached skill level 9 in Unarmed Combat
  7971 | D:6      | Found a staircase to the Ecumenical Temple.
  7991 | Temple   | Entered the Ecumenical Temple
  8842 | D:7      | Found a deep blue altar of Sif Muna.
  8845 | D:7      | Became a worshipper of Sif Muna the Loreminder
  9548 | D:7      | Reached skill level 10 in Unarmed Combat
  9548 | D:7      | Reached XP level 9. HP: 60/64 MP: 11/15
  9855 | D:7      | Found a bloodstained altar of Trog.
 10273 | D:8      | Noticed Duvessa
 10274 | D:8      | Noticed Dowan
 10298 | D:8      | Killed Duvessa
 10306 | D:8      | Killed Dowan
 10603 | D:8      | Noticed Joseph
 11117 | D:8      | Reached skill level 11 in Unarmed Combat
 11312 | D:8      | Found Oqyckiats' Antique Armour Shoppe.
 11527 | D:7      | Found an ancient bone altar of Kikubaaqudgha.
 11543 | D:7      | Acquired Sif Muna's first power
 11686 | D:7      | Slain by a killer bee

Action                   |  1- 3 |  4- 6 |  7- 9 || total
-------------------------+-------+-------+-------++-------
Melee: Unarmed           |   207 |   232 |   549 ||   988
 Cast: Beastly Appendage |     1 |    14 |    37 ||    52
       Spider Form       |       |     1 |    13 ||    14
 Abil: Breathe Dispellin |       |       |     1 ||     1
  Use: Scroll            |       |     7 |    10 ||    17
       Potion            |       |     3 |     6 ||     9
 Stab: Sleeping          |     1 |     1 |     1 ||     3
